 Dungeon Crawl Stone Soup version 0.20-a0-680-g5c496f5 (webtiles) character file.

10157 Amciq the Warmonger (level 11, -7/97 HPs)
             Began as a Hill Orc Fighter on Feb 18, 2017.
             Was an Elder of Okawaru.
             Killed from afar by a rakshasa (19 damage)
             ... with an orb of energy
             ... on level 10 of the Dungeon.
             The game lasted 00:42:43 (10336 turns).

Amciq the Warmonger (Hill Orc Fighter)             Turns: 10336, Time: 00:42:44

Health: -7/97      AC: 14    Str: 23    XL:     11   Next: 57%
Magic:  20/20      EV:  8    Int:  5    God:    Okawaru [****..]
Gold:   652        SH: 15    Dex: 10    Spells: 10/10 levels left

rFire    + + .     SeeInvis +   G - +1 mace (drain)
rCold    . . .     Gourm    .   i - +1 scale mail {rF+}
rNeg     . . .     Faith    .   c - +0 shield
rPois    .         Spirit   .   j - +0 helmet
rElec    .         Reflect  +   H - +1 cloak "Valople" {MR++ Int-3 SInv}
rCorr    +         Harm     .   s - +0 pair of gloves {archery}
MR       ++...                  (no boots)
Stlth    ..........             I - +4 amulet of reflection
Regen    0.3/turn               D - ring of protection from fire
MPRegen  0.2/turn               r - ring of resist corrosion

@: exhausted, slowed, very slow
A: no striking features
a: Heroism, Renounce Religion


You were on level 10 of the Dungeon.
You worshipped Okawaru.
Okawaru was greatly pleased with you.
You were near starving.

You visited 1 branch of the dungeon, and saw 10 of its levels.

You collected 652 gold pieces.

Inventory:

Hand Weapons
 G - a +1 mace of draining (weapon)
Missiles
 q - 6 needles of confusion (quivered)
Armour
 c - a +0 shield (worn)
 i - a +1 scale mail of fire resistance (worn)
 j - a +0 helmet (worn)
 s - a +0 pair of gloves of archery (worn)
 H - the +1 cloak "Valople" (worn) {MR++ Int-3 SInv}
   (You found it on level 6 of the Dungeon)

   It affects your intelligence (-3).
   It affects your resistance to hostile enchantments.
   It lets you see invisible.
Jewellery
 r - a ring of resist corrosion (left hand)
 t - an uncursed ring of positive energy
 C - an uncursed ring of fire
 D - a ring of protection from fire (right hand)
 I - a +4 amulet of reflection (around neck)
Wands
 y - a wand of polymorph (10/24)
 A - a wand of flame (27/48)
 B - a wand of random effects (17/48)
Scrolls
 a - 2 scrolls of remove curse
 g - 3 scrolls of teleportation
 h - 3 scrolls of magic mapping
 l - 3 scrolls of identify
 m - 3 scrolls of fog
 n - a scroll of blinking
 o - 2 scrolls of amnesia
 u - a scroll of enchant armour {unknown}
 x - a scroll of recharging
 E - a scroll of fear {unknown}
Potions
 d - a potion of might
 k - 5 potions of agility
 p - a potion of resistance {unknown}
 w - 2 potions of haste
 z - 2 potions of berserk rage
Comestibles
 b - 7 meat rations
 f - 11 bread rations
 v - 10 fruits
 F - 5 royal jellies


   Skills:
 + Level 9.4 Fighting
 + Level 8.1 Maces & Flails
 + Level 3.5 Throwing
 + Level 8.6 Armour
 + Level 8.6 Shields
 * Level 12.5 Invocations


You had 10 spell levels left.
You didn't know any spells.

Dungeon Overview and Level Annotations

Branches:
Dungeon (10/15)            Temple (0/1) D:5            Lair (0/6) D:10
    Orc: D:9-12

Altars:
Fedhas
Okawaru


Message History

You feel like a meek peon again.
Tossing away (i - inventory):
q - 7 needles of confusion (quivered)
Press: ? - help, Shift-Dir - straight line, f - rakshasa
Aim: a rakshasa, wielding a trident and wearing a robe (almost dead)
You toss away a needle of confusion.
The needle of confusion closely misses the rakshasa.
The needle of confusion hits the rakshasa.
The rakshasa is heavily wounded.
The rakshasa hits you from afar with a trident.
* * * LOW HITPOINT WARNING * * *
You block the rakshasa's attack. The rakshasa gestures at you.
The orb of energy misses you. The rakshasa gestures at you.
The orb of energy reflects off an invisible shield around you!
The orb of energy hits the rakshasa.
You kill the rakshasa!
The rakshasa gestures at you. The orb of energy hits you!
You die...

#.# #.# #.# #.# #.#
. #.# .. #.# ...
##.###########
...##..@....RR.(.#
.........#######.##
...##...## #...# #
##.## #.#.# #.#
#...# #.# ##.##
##'## #.# ##...##
#.# ##.....##
####.###


You could see 2 rakshasas.

Vanquished Creatures
  A two-headed ogre (D:10)
  A centaur warrior (D:9)
  The ghost of Espgualade the Sneak, a novice OpIE of Vehumet (D:10)
  A deep elf mage (D:10)
  2 gargoyles
  A komodo dragon (D:10)
  A troll (D:10)
  The ghost of Zyrax the Covert, a novice SpEn of Ashenzari (D:5)
  Sigmund (D:6)
  4 hogs (D:7)
  4 yaks (D:9)
  A human (D:7)
  A hungry ghost (D:7)
  3 water moccasins
  7 orc warriors
  2 black bears (D:7)
  A hornet zombie (D:8)
  4 ogres
  4 phantoms
  4 ice beasts
  3 sky beasts
  2 centaurs
  Blork the orc (D:6)
  4 bullfrogs
  2 gnoll sergeants (D:5)
  A wyvern zombie (D:7)
  6 scorpions
  3 killer bees (D:10)
  3 jellies
  A howler monkey (D:7)
  6 crimson imps
  3 bullfrog zombies
  5 hounds
  8 orc wizards
  4 orc priests
  A centaur skeleton (D:5)
  2 bullfrog skeletons
  3 iguanas
  7 worker ants
  2 hound skeletons
  2 worker ant zombies (D:5)
  A gnoll (D:1)
  A howler monkey zombie (D:10)
  9 adders
  A shadow imp (D:6)
  An ooze (D:3)
  2 adder skeletons
  3 worms
  4 dart slugs
  A leopard gecko (D:10)
  27 orcs
  6 bats
  8 giant cockroaches
  6 goblins
  4 hobgoblins
  10 jackals
  4 kobolds
  4 quokkas
  A ball python skeleton (D:4)
  A ball python zombie (D:6)
  7 frilled lizards
  A leopard gecko skeleton (D:4)
  A quokka zombie (D:5)
  7 rats
224 creatures vanquished.

Vanquished Creatures (others)
  8 plants (D:10)
8 creatures vanquished.

Grand Total: 232 creatures vanquished

Notes
Turn   | Place    | Note
-------+----------+-------------------------------------------
     0 | D:1      | Amciq the Hill Orc Fighter began the quest for the Orb.
     0 | D:1      | Reached XP level 1. HP: 19/19 MP: 1/1
   154 | D:1      | Reached XP level 2. HP: 27/27 MP: 2/2
   186 | D:1      | Found an iron altar of Okawaru.
   213 | D:1      | Became a worshipper of Warmaster Okawaru
   251 | D:1      | Reached XP level 3. HP: 25/33 MP: 3/3
  1470 | D:2      | Reached XP level 4. HP: 40/40 MP: 4/4
  1828 | D:3      | Reached XP level 5. HP: 31/47 MP: 5/5
  2026 | D:3      | Reached * piety under Okawaru
  2273 | D:3      | Found a blossoming altar of Fedhas.
  2438 | D:3      | Reached skill level 5 in Fighting
  2438 | D:3      | Reached skill level 1 in Invocations
  2511 | D:3      | Reached XP level 6. HP: 53/56 MP: 5/7
  2656 | D:3      | Reached skill level 2 in Invocations
  3017 | D:4      | Reached skill level 3 in Invocations
  3019 | D:4      | Reached XP level 7. HP: 32/61 MP: 9/9
  3639 | D:5      | Entered Level 5 of the Dungeon
  3667 | D:5      | Reached skill level 5 in Armour
  3667 | D:5      | Reached skill level 4 in Invocations
  3696 | D:5      | Found a staircase to the Ecumenical Temple.
  3713 | D:5      | Reached ** piety under Okawaru
  3713 | D:5      | Reached skill level 5 in Shields
  4202 | D:5      | Reached skill level 5 in Invocations
  4307 | D:5      | Reached XP level 8. HP: 52/70 MP: 9/12
  4343 | D:5      | Reached skill level 6 in Invocations
  4493 | D:5      | Noticed Zyrax's ghost (novice SpEn)
  4519 | D:5      | Killed Zyrax's ghost
  4539 | D:5      | Reached skill level 5 in Maces & Flails
  4671 | D:5      | Reached skill level 7 in Invocations
  4876 | D:5      | Reached XP level 9. HP: 78/78 MP: 12/14
  5023 | D:6      | Reached *** piety under Okawaru
  5123 | D:6      | Noticed Blork the orc
  5132 | D:6      | Killed Blork the orc
  5132 | D:6      | Reached skill level 8 in Invocations
  5176 | D:6      | Noticed Sigmund
  5204 | D:6      | Killed Sigmund
  5472 | D:6      | Got a twisted cloak
  5483 | D:6      | Identified the +1 cloak "Valople" {MR++ Int-3 SInv} (You found it on level 6 of the Dungeon)
  5867 | D:6      | Reached skill level 9 in Invocations
  6177 | D:7      | Reached **** piety under Okawaru
  6240 | D:7      | Reached XP level 10. HP: 34/88 MP: 17/17
  6258 | D:7      | Reached skill level 10 in Invocations
  6270 | D:7      | Received a gift from Okawaru
  6856 | D:7      | You fall through a shaft for 2 floors!
  7005 | D:8      | Reached skill level 1 in Throwing
  7857 | D:8      | Reached skill level 11 in Invocations
  8004 | D:9      | Noticed a gargoyle
  8008 | D:9      | Killed a gargoyle
  8008 | D:9      | Reached ***** piety under Okawaru
  8239 | D:9      | Received a gift from Okawaru
  8584 | D:9      | Noticed a centaur warrior
  8589 | D:9      | Killed a centaur warrior
  8589 | D:9      | Reached XP level 11. HP: 87/95 MP: 16/19
  8701 | D:10     | Entered Level 10 of the Dungeon
  8725 | D:10     | Noticed a deep elf mage
  8725 | D:10     | Noticed a rakshasa
  8779 | D:10     | Killed a deep elf mage
  8779 | D:10     | Reached skill level 12 in Invocations
  9084 | D:10     | Noticed a two-headed ogre
  9100 | D:10     | Killed a two-headed ogre
  9170 | D:10     | Found a staircase to the Lair.
  9580 | D:10     | Noticed Espgualade's ghost (novice OpIE)
 10161 | D:10     | Killed Espgualade's ghost
 10336 | D:10     | Killed from afar by a rakshasa

Vault maps used:
D:1:      shiori_arrival_maze, okawaru_ov_weapons_minmay
D:3:      first_bread, st_stairs_10, fedhas_altar_4
D:4:      serial_bayou_lagoon_a
D:5:      minmay_temple_entry_large_hall, minmay_misc_feat_roman,
          glass_columns_a, nrook_loot_triangle, sword_in_stone
D:6:      uniq_blork_the_orc, uniq_sigmund
D:7:      kennysheep_another_room, grunt_livestock
D:10:     david_lair_shrubbed, minmay_checkerbox

Skill      XL: |  1  2  3  4  5  6  7  8  9 10 11 |
---------------+----------------------------------+-----
Fighting       | 4 5 6 7 8 9 |  9.4
Armour         | 4 5 6 7 8 |  8.6
Shields        | 4 5 6 7 8 |  8.6
Maces & Flails | 3 4 5 6 7 8 |  8.1
Invocations    | 1 3 5 7 9 11 12 | 12.5
Throwing       | 2 3 |  3.5

Action                   |  1- 3 |  4- 6 |  7- 9 | 10-12 || total
-------------------------+-------+-------+-------+-------++-------
Melee: Flail             |    81 |   190 |   214 |       ||   485
       Mace              |    16 |       |   203 |   522 ||   741
Invok: Heroism           |       |     1 |    12 |    18 ||    31
       Finesse           |       |       |       |     2 ||     2
  Use: Scroll            |     5 |     3 |    11 |     2 ||    21
       Potion            |       |       |     1 |     3 ||     4
  Eat: Chunk             |     2 |     5 |    11 |    14 ||    32
       Fruit             |       |       |       |     1 ||     1
Armor: Scale mail        |    46 |   102 |   154 |   116 ||   418
       Skin              |       |       |     8 |    32 ||    40
Dodge: Dodged            |    29 |    42 |   104 |   121 ||   296
Block: Shield            |    46 |    99 |   203 |   315 ||   663
       Reflection        |       |       |       |    12 ||    12
